 Dungeon Crawl Stone Soup version 0.30-a0-591-g3c58d2bc28 (webtiles) character file.

Game seed: 17699160287783967182

11356 Newt the Cleaver (level 11, -1/89 HPs)
             Began as a Demonspawn Gladiator on Jan 6, 2023.
             Was an Initiate of Gozag.
             Slain by a komodo dragon (20 damage)
             ... on level 9 of the Dungeon.
             The game lasted 00:13:11 (10128 turns).

Newt the Cleaver (Demonspawn Gladiator)            Turns: 10128, Time: 00:13:12

Health: -1/89      AC:  7    Str: 19    XL:     11   Next: 48%
Magic:  11/11      EV:  7    Int: 10    God:    Gozag
Gold:   2104       SH:  9    Dex: 14    Spells: 10/10 levels left

rFire   . . .      SeeInvis .    z - +6 war axe (drain)
rCold   . . .      Faith    .    q - +2 kite shield
rNeg    + + .      Spirit   .    p - +2 chain mail {rN+}
rPois   .          Reflect  .    c - +0 helmet
rElec   .          Harm     +    J - scarf {harm}
rCorr   .          Rampage  .    (no gloves)
Will    +....                    S - +0 pair of boots Stlth
                                 O - amulet of regeneration
HPRegen 1.14/turn                g - ring of positive energy
MPRegen 0.12/turn                Q - ring of willpower

@: corroded, gold aura
A: hooves 1, demonic guardian 2, ignite blood 2, weakness stinger 2
a: Renounce Religion, Potion Petition, Call Merchant, Bribe Branch


You were on level 9 of the Dungeon.
You worshipped Gozag.
Gozag was most pleased with you.
You visited 1 branch of the dungeon, and saw 9 of its levels.
You also visited: Bailey.

You collected 2351 gold pieces.
You spent 162 gold pieces at shops.
You paid 85 gold pieces to Gozag.

Inventory:

Hand Weapons
 a - a +0 rapier
 e - a +0 dagger
 l - a +0 dagger of speed
 w - a +2 heavy falchion
 z - a +6 war axe of draining (weapon)
 G - a +1 morningstar
 U - a +3 morningstar
 W - a +8 battleaxe
 Z - the +11 arbalest "Lawahog" {freeze, rElec}
   (You acquired it on level 9 of the Dungeon)

   rElec:     It insulates you from electricity.
Missiles
 k - 12 boomerangs (quivered)
 o - 3 javelins
 u - 3 poisoned darts
 D - 2 throwing nets
Armour
 b - a +0 leather armour
 c - a +0 helmet (worn)
 n - a +1 leather armour of fire resistance
 p - a +2 chain mail of positive energy (worn)
 q - a +2 kite shield (worn)
 E - a +3 scale mail of fire resistance
 J - a scarf of harm (worn)
 S - a +0 pair of boots (worn)
Jewellery
 g - a ring of positive energy (left hand)
 O - an amulet of regeneration (around neck)
 Q - a ring of willpower (right hand)
 R - a ring of positive energy
 X - a ring of flight
Wands
 f - a wand of digging (5)
 m - a wand of roots (7)
 M - a wand of mindburst (3)
 P - a wand of polymorph (6)
 Y - a wand of flame (9)
Scrolls
 d - 9 scrolls of teleportation
 i - 5 scrolls of blinking
 y - a scroll of amnesia
 A - a scroll of enchant armour {unknown}
 B - 3 scrolls of fear
 C - a scroll of vulnerability
 K - a scroll of immolation {unknown}
 T - a scroll of fog {unknown}
 V - a scroll of brand weapon {unknown}
Potions
 h - 5 potions of heal wounds
 j - 5 potions of curing
 r - a potion of invisibility {unknown}
 s - 2 potions of attraction
 t - a potion of ambrosia
 v - 2 potions of magic {unknown}
 x - 4 potions of degeneration {unknown}
 F - a potion of berserk rage {unknown}
 H - a potion of mutation {unknown}
 I - 2 potions of might
 L - a potion of experience {unknown}
 N - 2 potions of brilliance {unknown}


   Skills:
 - Level 9.0 Fighting
 - Level 4.0 Short Blades
 + Level 10.6 Axes
 - Level 1.7 Throwing
 - Level 8.0 Armour
 - Level 4.0 Dodging
 - Level 2.0 Stealth
 - Level 5.0 Evocations


You had 10 spell levels left.
You didn't know any spells.
Your spell library contained the following spells:

 Spells                   Type           Power      Damage    Failure   Level
 Summon Small Mammal      Summ           0%         N/A       100%        1
 Call Canine Familiar     Summ           0%         N/A       100%        3
 Dazzling Flash           Conj/Hex       0%         N/A       100%        3
 Inner Flame              Hex/Fire       0%         N/A       100%        3
 Summon Guardian Golem    Hex/Summ       0%         N/A       100%        3
 Vhi's Electric Charge    Tloc/Air       0%         N/A       100%        3
 Flame Wave               Conj/Fire      0%         2d4       100%        4
 Iskenderun's Mystic Bla  Conj/Tloc      0%         2d3       100%        4
 Sticky Flame             Conj/Fire      0%         2d3       100%        4
 Arcjolt                  Conj/Air       0%         1d10      100%        5
 Death Channel            Necr           0%         N/A       100%        6
 Starburst                Conj/Fire      0%         6d3       100%        6
 Maxwell's Capacitive Co  Air            0%         ∞         100%        8
 Necromutation            Tmut/Necr      0%         N/A       100%        8


Dungeon Overview and Level Annotations

Branches:
Dungeon (9/15)             Temple (0/1) D:4            Lair (0/5) D:9
 Bailey (visited)
    Orc: D:9-12

Altars:
Ashenzari
Cheibriados
Dithmenos
Fedhas
Gozag
Hepliaklqana
Kikubaaqudgha
Makhleb
Okawaru
Qazlal
Ru
Sif Muna
Vehumet
Wu Jian
Xom

Shops:
D:1 =   D:3 (   D:7 (

Annotations:
D:6 2 transporters
D:8 3 runed translucent doors, Juicyj's ghost, novice MiBe


Innate Abilities, Weirdness & Mutations

You have large cloven feet.
A demonic guardian rushes to your aid.
Your demonic aura often causes spilled blood to erupt in flames.
You have a tail ending in a sharp stinger.


Message History

You see here 12 gold pieces.
You hit the basilisk but do no damage. You drain the basilisk.
You kill the basilisk!
Unknown command.
The komodo dragon is distracted by your dazzling golden aura.
The komodo dragon is no longer distracted by gold.
The komodo dragon bites your ice devil!!
Your ice devil barely misses the komodo dragon.
Something bites your ice devil! Something bites your ice devil!!
Your ice devil dies!
Your ice devil disappears in a puff of smoke!
You hit the komodo dragon but do no damage.
You drain the komodo dragon.
The komodo dragon is lightly wounded.
You block the komodo dragon's attack.
You slash the komodo dragon!
Your tail-slap misses the komodo dragon.
The komodo dragon is moderately wounded.
The komodo dragon closely misses you.
You barely miss the komodo dragon.
The komodo dragon is moderately wounded.
You block the komodo dragon's attack. The komodo dragon bites you!!
* * * LOW HITPOINT WARNING * * *
A demonic guardian appears!
You hit the komodo dragon but do no damage.
The komodo dragon is moderately wounded.
The komodo dragon is distracted by your dazzling golden aura.
Your ice devil hits the komodo dragon but does no damage.
The komodo dragon is no longer distracted by gold.
The komodo dragon hisses angrily.
Throw: 3 throwing nets
Press: ? - help, Shift-Dir - straight line, f - komodo dragon
Aim: a komodo dragon (moderately wounded, lightly drained, ally target, 70% to hit)
You throw a throwing net.
The throwing net barely misses the komodo dragon.
Your demonic guardian avoids your attack.
The komodo dragon bites you!
You die...
Your body crumbles into a pile of gold.

###### *** *****
########?#..#### **,* *,,,**
.........##.#..# **,*** ***,,*
..###.........####,,,,****,,,***
##.####.........@#,,,,**,,,**+,*
*## ######.....l......,*,***,*
****#.#.....4.)...,,****$*
*,,..####...#.....*$,,,***
***,###* ###...(##.*,,,>* *,,**
*#.###******** ######** ### *##
..#..### #.# .......# #.#


You could see a komodo dragon (drained, ally target) and a friendly ice devil
(summoned).

Vanquished Creatures
  An orc warlord (Bailey)
  A two-headed ogre (D:8)
  An ugly thing (D:9)
  Maggie (D:7)
  2 trolls (D:9)
  Grinder (D:4)
  Sigmund (D:5)
  A vampire (D:9)
  2 wyverns (D:9)
  Eustachio (D:4)
  6 yaks (D:9)
  A basilisk (D:9)
  A steam dragon (D:7)
  Edmund (D:4)
  Menkaure (D:7)
  Duvessa (D:6)
  2 water moccasins
  18 orc warriors
  2 ice beasts (D:7)
  3 black bears
  A centaur (D:9)
  A phantom (D:5)
  Blork the orc (D:5)
  3 bullfrogs
  A necrophage (D:7)
  2 gnoll sergeants
  2 scorpions (D:4)
  10 wights
  Dowan (D:6)
  6 killer bees (D:8)
  2 howler monkeys
  4 hounds
  Crazy Yiuf (D:4)
  5 orc priests
  4 jellies
  2 gnoll boudas
  10 orc wizards
  3 iguanas
  22 gnolls
  7 adders
  A shadow imp (D:7)
  A white imp (D:6)
  3 worms
  4 dart slugs
  47 orcs
  5 ball pythons
  10 endoplasms
  6 giant cockroaches
  19 goblins
  14 hobgoblins
  7 kobolds
  5 quokkas
  3 training dummies (D:7)
  7 bats
  6 frilled lizards
  10 rats
284 creatures vanquished.

Vanquished Creatures (collateral kills)
  A two-headed ogre (D:9)
  The ghost of Iich the Cleaver, a novice MiFi of Okawaru (D:5)
  An acid dragon (D:9)
  A black bear (D:4)
  A gnoll bouda (D:7)
  4 orcs
9 creatures vanquished.

Vanquished Creatures (others)
  A human (D:3)
1 creature vanquished.

Grand Total: 294 creatures vanquished

Notes
Turn   | Place    | Note
-------+----------+-------------------------------------------
     0 | D:1      | Newt the Demonspawn Gladiator began the quest for the Orb.
     0 | D:1      | Reached XP level 1. HP: 16/16 MP: 1/1
    25 | D:1      | Reached skill level 1 in Stealth
    63 | D:1      | Discovered your monstrous ancestry.
    63 | D:1      | Gained mutation: You have large cloven feet. [demonic
                  | ancestry]
    63 | D:1      | Reached XP level 2. HP: 4/22 MP: 2/2
   429 | D:1      | Found Bewniodgh's Jewellery Emporium.
   606 | D:1      | Gained mutation: You have a small tail. [demonic ancestry]
   606 | D:1      | Reached XP level 3. HP: 28/28 MP: 3/3
  1414 | D:2      | Found a faded altar of an unknown god.
  1506 | D:2      | Gained mutation: Your demonic aura sometimes causes spilled
                  | blood to erupt in flames. [demonic ancestry]
  1506 | D:2      | Reached XP level 4. HP: 34/37 MP: 4/4
  1995 | D:3      | Found Woiqihiag's Antique Weapon Shoppe.
  2060 | D:3      | Found an ancient bone altar of Kikubaaqudgha.
  2063 | D:3      | Noticed a human
  2064 | D:3      | Killed a human
  2114 | D:3      | Reached XP level 5. HP: 38/42 MP: 5/5
  2169 | D:3      | Found a broken altar of Ashenzari.
  2497 | D:4      | Noticed Eustachio
  2529 | D:4      | Killed Eustachio
  2530 | D:4      | Gained mutation: A weak demonic guardian rushes to your
                  | aid. [demonic ancestry]
  2530 | D:4      | Reached XP level 6. HP: 37/48 MP: 6/6
  2661 | D:4      | Reached skill level 1 in Armour
  2677 | D:4      | Found a staircase to the Ecumenical Temple.
  2737 | D:4      | Found an opulent altar of Gozag.
  2832 | D:3      | Bought a glowing war axe for 162 gold pieces
  3013 | D:4      | Found a runed translucent door.
  3014 | D:4      | Noticed Crazy Yiuf
  3045 | D:4      | Noticed Grinder
  3054 | D:4      | Killed Grinder
  3055 | D:4      | Reached skill level 1 in Axes
  3055 | D:4      | Reached XP level 7. HP: 41/54 MP: 7/7
  3164 | D:4      | Noticed Edmund
  3176 | D:4      | Killed Edmund
  3177 | D:4      | Reached skill level 2 in Axes
  3493 | D:4      | Found a burning altar of Makhleb.
  3497 | D:4      | Reached skill level 3 in Axes
  3766 | D:4      | Killed Crazy Yiuf
  4010 | D:5      | Entered Level 5 of the Dungeon
  4022 | D:5      | Reached skill level 4 in Axes
  4058 | D:5      | Gained mutation: You have a tail ending in a sharp stinger.
                  | [demonic ancestry]
  4058 | D:5      | Reached XP level 8. HP: 58/60 MP: 8/8
  4105 | D:5      | Found a runed translucent gate.
  4106 | D:5      | Noticed Iich's ghost (novice MiFi)
  4106 | D:5      | Found a runed translucent gate.
  4112 | D:5      | Found a runed translucent gate.
  4243 | D:5      | Found a snail-covered altar of Cheibriados.
  4249 | D:5      | Noticed Blork the orc
  4252 | D:5      | Reached skill level 5 in Axes
  4258 | D:5      | Killed Blork the orc
  4306 | D:5      | Reached skill level 6 in Axes
  4481 | D:5      | Found a sacrificial altar of Ru.
  4674 | D:5      | Found a shadowy altar of Dithmenos.
  4728 | D:5      | Noticed Sigmund
  4741 | D:5      | Killed Sigmund
  4742 | D:5      | Reached skill level 7 in Axes
  4810 | D:5      | Found an ornate altar of the Wu Jian Council.
  4926 | D:6      | Found a shimmering altar of Xom.
  5082 | D:6      | Found a stormy altar of Qazlal.
  5109 | D:6      | Found a transporter.
  5330 | D:6      | Found a transporter.
  5596 | D:4      | Became a worshipper of Gozag Ym Sagoz the Greedy
  5680 | D:6      | Noticed Dowan
  5686 | D:6      | Killed Dowan
  5738 | D:6      | Reached skill level 8 in Axes
  5738 | D:6      | Gained mutation: A demonic guardian rushes to your aid.
                  | [demonic ancestry]
  5738 | D:6      | Reached XP level 9. HP: 65/65 MP: 9/9
  5791 | D:6      | Noticed Duvessa
  5800 | D:6      | Killed Duvessa
  5830 | D:6      | Reached skill level 5 in Fighting
  6004 | D:7      | Noticed Maggie
  6010 | D:7      | Killed Maggie
  6187 | D:7      | Reached skill level 5 in Armour
  6324 | D:7      | Found Loas's Firing Range.
  6678 | D:7      | Found a radiant altar of Vehumet.
  6729 | D:7      | Reached skill level 1 in Evocations
  6837 | D:7      | Noticed Menkaure
  6843 | D:7      | Killed Menkaure
  7371 | D:8      | Found an iron altar of Okawaru.
  7424 | D:8      | Reached skill level 5 in Evocations
  7424 | D:8      | Reached XP level 10. HP: 76/76 MP: 10/10
  7482 | D:8      | Found a runed translucent gate.
  7482 | D:8      | Found a runed translucent gate.
  7482 | D:8      | Found a runed translucent gate.
  7782 | D:8      | Found a hazy altar of Hepliaklqana.
  7797 | D:8      | Noticed a two-headed ogre
  7802 | D:8      | Killed a two-headed ogre
  8303 | D:8      | Noticed Juicyj's ghost (novice MiBe)
  8461 | D:5      | Killed Iich's ghost
  8614 | D:9      | Found a blossoming altar of Fedhas.
  8617 | D:9      | Noticed a two-headed ogre
  8627 | D:9      | Killed a two-headed ogre
  8827 | D:9      | Found a flagged portal.
  8839 | Bailey   | Entered a bailey
  9065 | Bailey   | Noticed an orc warlord
  9075 | Bailey   | Killed an orc warlord
  9076 | Bailey   | Gained mutation: Your demonic aura often causes spilled
                  | blood to erupt in flames. [demonic ancestry]
  9076 | Bailey   | Reached XP level 11. HP: 42/89 MP: 11/11
  9144 | Bailey   | Got the Spellbook of Transfiguration and Nightshade
  9168 | Bailey   | Acquired 634 gold pieces
  9310 | D:9      | Found a shimmering blue altar of Sif Muna.
  9508 | D:9      | Reached skill level 9 in Axes
  9509 | D:9      | Noticed a green ugly thing
  9521 | D:9      | Killed a green ugly thing
  9799 | D:9      | Reached skill level 10 in Axes
  9861 | D:9      | Acquired the +11 arbalest "Lawahog" {freeze, rElec}
 10128 | D:9      | Slain by a komodo dragon

Illustrated notes

Levels and vault maps discovered:
D:1:      dpeg_arrival_rooms_with_view, layout_basic, serial_shops, shop
D:2:      layout_basic, shapermc_ecumenical_altar_starsandcircs,
          grunt_decor_resistance, minmay_pentomino_t4
D:3:      layout_rooms, tgw_kikubaaqudgha, mainiacjoe_overflow_surrounded_room,
          serial_shops, shop, interstate_on_off
D:4:      layout_basic, grunt_gozag_breadcrumbs, makhleb_heckhound_becter,
          overflow_temple_1_default, temple_doors_ab, uniq_grinder,
          uniq_eustachio, uniq_edmund, uniq_crazy_yiuf_cottage
D:5:      layout_rooms, slow_altar_1, marbit_many_paths,
          mainiacjoe_overflow_paths, nicolae_wu_jian_glorious_leap,
          biasface_ghost_orc_armoury, uniq_blork_the_orc, uniq_sigmund
D:6:      gammafunk_steamed_eel, layout_basic, xom_teletrap_fun,
          lemuel_tele_altar, uniq_duvessa
D:7:      layout_loops_corners, mainiacjoe_overflow_catwalk,
          nicolae_shop_firing_range, uniq_menkaure, uniq_maggie
D:8:      layout_layer_cave, lemuel_crystal_altar, okawaru_ov_weapons_minmay,
          zin_statuary, nicolae_overflow_crystal_walls,
          gammafunk_ghost_necromancy, hangedman_decor_growths,
          serial_park_tiny_2
D:9:      minmay_skewed_foursquare, layout_loops_ring,
          overflow_temple_1_default, kennysheep_little_box, erik_lair_dragon,
          enter_bailey_3, minmay_bent

Skill      XL: |  1  2  3  4  5  6  7  8  9 10 11 |
---------------+----------------------------------+-----
Stealth        | 1 2 |  2.0
Fighting       | 3 4 6 9 |  9.0
Short Blades   | 3 4 |  4.0
Dodging        | 4 |  4.0
Armour         | 4 6 8 |  8.0
Axes           | 1 4 8 10 | 10.6
Evocations     | 5 |  5.0
Throwing       | |  1.7

Action                   |  1- 3 |  4- 6 |  7- 9 | 10-12 || total
-------------------------+-------+-------+-------+-------++-------
Melee: Rapier            |   116 |       |       |       ||   116
       Kick              |    20 |    32 |    54 |    20 ||   126
       Dagger            |    12 |    72 |       |       ||    84
       Tailslap          |     9 |    10 |    18 |    27 ||    64
       Falchion          |       |    44 |       |       ||    44
       War axe           |       |    15 |   205 |   203 ||   423
       Punch             |       |     1 |     2 |       ||     3
Throw: Throwing net      |     4 |       |     2 |     3 ||     9
       Javelin           |     1 |       |       |       ||     1
       Boomerang         |       |       |     1 |       ||     1
Evoke: Wand              |       |       |       |     9 ||     9
  Use: Scroll            |       |     4 |       |    12 ||    16
       Potion            |       |       |       |     4 ||     4
 Stab: Sleeping          |     7 |     3 |       |       ||    10
       Distracted        |       |       |       |     3 ||     3
Armor: Leather armour    |    44 |    14 |       |       ||    58
       Chain mail        |       |    51 |   125 |    92 ||   268
Dodge: Dodged            |    90 |    59 |   103 |    44 ||   296
Block: Kite shield       |       |       |       |    90 ||    90

Table legend: (Time is in decaauts)
 A = Elapsed time spent in this place.
 B = Non-inter-level travel time spent in this place.
 C = Inter-level travel time spent in this place.
 D = Time resting spent in this place.
 E = Time spent auto-exploring this place.
 F = Levels seen in this place.
 G = Mean time per level.
                   A        B        C        D        E       F      G
               +--------+--------+--------+--------+--------+-----+--------+
         Total |  10230 |   9338 |    892 |   1269 |   6324 |  10 | 1023.0 |
       Dungeon |   9861 |   8969 |    892 |   1269 |   6092 |   9 | 1095.7 |
        Bailey |    368 |    368 |      0 |      0 |    232 |   1 |  368.0 |
               +--------+--------+--------+--------+--------+-----+--------+

Top non-repeatable levels by time:
     D:4: 1616 daAuts
     D:8: 1326 daAuts
     D:5: 1295 daAuts
     D:9: 1183 daAuts
     D:7: 1171 daAuts
     D:1: 1082 daAuts
     D:2: 878 daAuts
     D:6: 792 daAuts
     D:3: 516 daAuts
  Bailey: 368 daAuts
